 Dungeon Crawl Stone Soup version 0.19.1-1-g22dce08 (webtiles) character file.

1346 Murfle the Cudgeler (level 8, -3/102 HPs)
             Began as a Minotaur Fighter on Jan 15, 2017.
             Was a Follower of the Shining One.
             Slain by Pikel
             ... wielding a +0 whip of electrocution
              (20 damage)
             ... on level 6 of the Dungeon.
             The game lasted 00:14:58 (5284 turns).

Murfle the Cudgeler (Minotaur Fighter)              Turns: 5284, Time: 00:14:59

Health: -3/102     AC: 24    Str: 27    XL:     8   Next: 36%
Magic:  8/8        EV:  2    Int:  5    God:    the Shining One [*.....]
Gold:   210        SH: 12    Dex: 10    Spells: 0 memorised, 7 levels left

rFire  . . .     SeeInvis .     z - +0 flail (holy)
rCold  + . .     Gourm    .     (armour currently unavailable)
rNeg   + + +     Faith    .     c - +1 shield
rPois  +         Spirit   .     (helmet currently unavailable)
rElec  .         Reflect  .     (cloak currently unavailable)
rCorr  .         Harm     .     (gloves currently unavailable)
MR     .....     NoTele   +     (boots currently unavailable)
Stlth  +.........               (no amulet)
                                r - ring of teleportation (curse)
                                g - ring of protection from cold

@: tree-form, glowing
A: (retaliatory headbutt), (horns 0), (fire resistance 0), low mp 1, strong 2,
teleportitis 1
a: Renounce Religion


You were on level 6 of the Dungeon.
You worshipped the Shining One.
The Shining One was aware of your devotion.
You were very hungry.
You were a tree.
You visited 1 branch of the dungeon, and saw 6 of its levels.

You collected 210 gold pieces.

Inventory:

Hand Weapons
 a - a +0 flail
 i - a +0 mace
 n - a +1 mace
 x - a +0 mace
 z - a +0 flail of holy wrath (weapon)
Missiles
 d - 4 tomahawks (quivered)
 p - 101 stones
Armour
 b - a +0 scale mail
 c - a +1 shield (worn)
 k - a +0 ring mail of poison resistance (melded)
 s - a +0 scale mail
 A - a +2 ring mail of fire resistance
Jewellery
 g - a ring of protection from cold (left branch)
 r - a cursed ring of teleportation (right branch)
Wands
 B - a wand of paralysis (21/24)
Scrolls
 e - 2 scrolls of enchant armour
 m - 2 scrolls of fog
 u - a scroll of fear
 w - 2 scrolls of identify
 y - a scroll of amnesia
Potions
 h - a potion of curing
 l - a potion of brilliance
 o - 2 potions of heal wounds {unknown}
 q - 4 potions of lignification
 v - a potion of resistance {unknown}
Comestibles
 f - 3 bread rations
 j - 6 meat rations
 t - 5 fruits


   Skills:
 + Level 5.3 Fighting
 + Level 7.2 Maces & Flails
 + Level 6.5 Armour
 - Level 1.0 Dodging
 + Level 6.6 Shields
 * Level 3.9 Invocations


You had 7 spell levels left.
You didn't know any spells.

Dungeon Overview and Level Annotations

Branches:
Dungeon (6/15)
 Temple: D:4-7

Altars:
Qazlal
Ru
Trog
Yredelemnul
The Shining One

Shops:
D:5 (

Annotations:
D:6 Pikel


Innate Abilities, Weirdness & Mutations

((You reflexively headbutt those who attack you in melee.))
((You have a pair of horns on your head.))
((Your flesh is heat resistant. (rF+)))
Your magical capacity is low. (-10% MP)
Your muscles are very strong. (Str +4)
You are occasionally teleported next to monsters.


Message History

It was a potion of lignification.
You turn into a tree.
Your +0 ring mail of poison resistance melds into your body.
Your roots penetrate the ground.
You block Pikel's attack.
You hit Pikel.
Pikel is moderately wounded.
Pikel hits you but does no damage.
You are electrocuted!
* * * LOW HITPOINT WARNING * * *
You thump Pikel!
Pikel is severely wounded.
Pikel hits you but does no damage.
You hit Pikel but do no damage.
Pikel is severely wounded.
You block Pikel's attack.
You hit Pikel but do no damage.
Pikel is severely wounded.
You block Pikel's attack.
You closely miss Pikel.
Pikel is severely wounded.
Pikel hits you but does no damage.
You are electrocuted!
You die...

. ##### #p#
#...##.. #.....
#.pp# #K# #♣# #.#
#.# #.# #.# #.#
######### #.#
........########.#
#######..........#


You could see Pikel and 2 slaves.

Vanquished Creatures
  The ghost of cba the Sneak, an amateur OpAs of Dithmenos (D:5)
  A hippogriff (D:4)
  The ghost of Angani the Spear-Bearer, an amateur MfGl (D:4)
  Edmund (D:6)
  A sky beast (D:5)
  A bullfrog (D:4)
  2 scorpions
  3 howler monkeys
  A crimson imp (D:5)
  An orc wizard (D:4)
  An iguana (D:4)
  4 worker ants
  Robin (D:2)
  A hound skeleton (D:4)
  A worker ant zombie (D:5)
  A howler monkey zombie (D:6)
  3 adders (D:2)
  2 oozes (D:1)
  A worm (D:2)
  6 dart slugs
  3 leopard geckos
  12 orcs
  A ball python (D:4)
  7 bats
  5 giant cockroaches
  13 goblins
  4 hobgoblins
  4 jackals
  2 quokkas
  3 frilled lizards
  A leopard gecko skeleton (D:5)
  A quokka skeleton (D:4)
  11 rats
101 creatures vanquished.

Notes
Turn   | Place    | Note
-------+----------+-------------------------------------------
     0 | D:1      | Murfle the Minotaur Fighter began the quest for the Orb.
     0 | D:1      | Reached XP level 1. HP: 19/19 MP: 0/0
   144 | D:1      | Reached XP level 2. HP: 26/27 MP: 1/1
   501 | D:1      | Reached skill level 3 in Maces & Flails
   524 | D:1      | Reached XP level 3. HP: 33/33 MP: 2/2
  1093 | D:2      | Reached XP level 4. HP: 38/40 MP: 3/3
  1244 | D:2      | Noticed Robin
  1255 | D:2      | Killed Robin
  1459 | D:2      | Found a glowing golden altar of the Shining One.
  1466 | D:2      | Found a stormy altar of Qazlal.
  1469 | D:2      | Found a bloodstained altar of Trog.
  1470 | D:2      | Found a basalt altar of Yredelemnul.
  1484 | D:2      | Became a worshipper of the Shining One
  2168 | D:3      | Reached skill level 4 in Maces & Flails
  2275 | D:3      | Reached skill level 5 in Armour
  2275 | D:3      | Reached skill level 1 in Dodging
  2275 | D:3      | Reached XP level 5. HP: 43/46 MP: 4/4
  2281 | D:3      | Found a sacrificial altar of Ru.
  2528 | D:4      | Noticed Angani's ghost (amateur MfGl)
  2598 | D:4      | Killed Angani's ghost
  2598 | D:4      | Reached skill level 5 in Shields
  2598 | D:4      | Reached skill level 1 in Invocations
  2598 | D:4      | Reached XP level 6. HP: 24/52 MP: 5/5
  2880 | D:4      | Reached skill level 5 in Maces & Flails
  2987 | D:4      | Noticed a hippogriff
  3002 | D:4      | Killed a hippogriff
  3002 | D:4      | Reached XP level 7. HP: 15/60 MP: 7/7
  3900 | D:4      | Reached skill level 6 in Maces & Flails
  4101 | D:5      | Entered Level 5 of the Dungeon
  4162 | D:5      | Found Enulic's Antique Weapon Boutique.
  4162 | D:5      | Noticed cba's ghost (amateur OpAs)
  4168 | D:5      | Killed cba's ghost
  4168 | D:5      | Reached skill level 5 in Fighting
  4179 | D:5      | Reached XP level 8. HP: 46/68 MP: 9/9
  4195 | D:5      | Gained mutation: Your flesh is heat resistant. (rF+) [mutagenic meat]
  4196 | D:5      | Gained mutation: You are occasionally teleported next to monsters. [mutagenic meat]
  4197 | D:5      | Gained mutation: Your magical capacity is low. (-10% MP) [mutagenic meat]
  4198 | D:5      | Gained mutation: Your muscles are strong. (Str +2) [mutagenic meat]
  4199 | D:5      | Gained mutation: Your muscles are very strong. (Str +4) [mutagenic meat]
  4706 | D:5      | Reached * piety under the Shining One
  5026 | D:6      | Noticed Edmund
  5046 | D:6      | Killed Edmund
  5046 | D:6      | Reached skill level 7 in Maces & Flails
  5265 | D:6      | Noticed Pikel
  5284 | D:6      | Slain by Pikel

Skill      XL: |  1  2  3  4  5  6  7  8 |
---------------+-------------------------+-----
Armour         | 4 5 6 |  6.5
Maces & Flails | 3 4 5 6 7 |  7.2
Shields        | 4 5 6 |  6.6
Fighting       | 4 5 |  5.3
Dodging        | 1 |  1.0
Invocations    | 1 2 3 |  3.9

Action                   |  1- 3 |  4- 6 |  7- 9 || total
-------------------------+-------+-------+-------++-------
Melee: Flail             |   120 |    40 |    16 ||   176
       Headbutt          |    10 |    18 |    25 ||    53
       Mace              |       |    95 |   115 ||   210
Throw: Tomahawk          |       |       |     2 ||     2
  Use: Scroll            |     6 |     1 |     5 ||    12
       Potion            |       |     2 |     2 ||     4
  Eat: Chunk             |     1 |     5 |    13 ||    19
Armor: Scale mail        |    57 |    60 |    12 ||   129
       Ring mail         |       |       |    15 ||    15
       Skin              |       |       |     3 ||     3
Dodge: Dodged            |    23 |    55 |    30 ||   108
Block: Shield            |    72 |    82 |    58 ||   212
